 Dungeon Crawl Stone Soup version 0.22.0-16-gc6d26f6 (webtiles) character file.

96 shadizar the Skirmisher (level 4, -1/40 HPs)
             Began as a Hill Orc Fighter on Aug 17, 2018.
             Slain by a black bear (3 damage)
             ... on level 2 of the Dungeon.
             The game lasted 00:02:14 (1940 turns).

shadizar the Skirmisher (Hill Orc Fighter)          Turns: 1940, Time: 00:02:14

Health: -1/40      AC:  7    Str: 24    XL:     4   Next: 67%
Magic:  4/4        EV:  8    Int:  8    God:
Gold:   150        SH:  9    Dex: 10    Spells: 3/3 levels left

rFire    . . .     SeeInvis .   a - +0 war axe
rCold    . . .     Gourm    .   c - +0 shield
rNeg     . . .     Faith    .   b - +0 scale mail
rPois    .         Spirit   .   (no helmet)
rElec    .         Reflect  .   (no cloak)
rCorr    .         Harm     .   (no gloves)
MR       .....                  (no boots)
Stlth    ..........             (no amulet)
HPRegen  0.13/turn              (no ring)
MPRegen  0.09/turn              (no ring)

@: mighty
A: no striking features
a: no special abilities


You were on level 2 of the Dungeon.
You were hungry.

You visited 1 branch of the dungeon, and saw 3 of its levels.

You collected 150 gold pieces.

Inventory:

Hand Weapons
 a - a +0 war axe (weapon)
Armour
 b - a +0 scale mail (worn)
 c - a +0 shield (worn)
Scrolls
 e - a scroll of noise {unknown}
 g - 8 scrolls of identify {unknown}
 j - a scroll of magic mapping {unknown}
 k - a scroll of teleportation {unknown}
 m - a scroll of remove curse {unknown}
 n - a scroll of blinking {unknown}
Potions
 h - a potion of magic {unknown}
 i - 2 potions of curing {unknown}
 l - a potion of mutation {unknown}
 o - a potion of degeneration {unknown}
Comestibles
 f - 3 rations


   Skills:
 + Level 4.2 Fighting
 + Level 3.6 Axes
 + Level 4.0 Armour
 + Level 1.2 Dodging
 + Level 3.9 Shields


You had 3 spell levels left.
You didn't know any spells.
Your spell library was empty.

Dungeon Overview and Level Annotations

Branches:
Dungeon (3/15)

Altars:
Qazlal


Message History

an uncursed blowgun; 10 poisoned needles; a robe; a kobold corpse You see here an adder corpse.
The black bear bites you.
* * * LOW HITPOINT WARNING * * *
You block the black bear's attack. The black bear barely misses you.
There is an escape hatch in the ceiling here.
The black bear barely misses you. x2; You block the black bear's attack.
A mysterious force pulls you upwards. The hatch slams shut behind you.
You feel very mighty all of a sudden. The black bear bites you.
* * * LOW HITPOINT WARNING * * *
The black bear claws you.
* * * LOW HITPOINT WARNING * * *
You block the black bear's attack.
You hit the black bear.
The black bear is moderately wounded.
The black bear bites you.
* * * LOW HITPOINT WARNING * * *
The black bear claws you.
You die...

#.#(..#.##..........#
#.#.....##..........# #######
#.#.######..........#######....#.
#.#.................#..........#.
#.########...<......#.###......#.
.........##########.#.# #......#.
#.######.# #......#.#.# #..#####.
.......#.# #.....h#.#.###..# #.
#.####.#.# #....@.#.#...#..# #.
#....#.#.###......#.###.#..######
#......#..........#.###.#........
..................#.....#.#######
#########.........#######.# #
........'.............†...# #
#########.........######### #
####......# # ######## #


You could see a black bear.

Vanquished Creatures
  4 adders
  2 oozes
  A worm (D:2)
  A dart slug (D:3)
  An orc (D:3)
  5 bats
  3 giant cockroaches
  A goblin (D:2)
  3 hobgoblins
  8 jackals
  6 kobolds
  2 quokkas (D:2)
  2 ball pythons
  2 frilled lizards
  4 rats
45 creatures vanquished.

Notes
Turn   | Place    | Note
-------+----------+-------------------------------------------
     0 | D:1      | shadizar the Hill Orc Fighter began the quest for the Orb.
     0 | D:1      | Reached XP level 1. HP: 19/19 MP: 1/1
   363 | D:1      | Reached XP level 2. HP: 26/27 MP: 2/2
   765 | D:2      | Noticed an earth elemental
   768 | D:2      | Found a stormy altar of Qazlal.
   769 | D:2      | Noticed a water elemental
   769 | D:2      | Noticed an air elemental
   769 | D:2      | Noticed a fire elemental
   919 | D:2      | Reached XP level 3. HP: 24/33 MP: 3/3
  1573 | D:3      | Reached skill level 1 in Dodging
  1584 | D:3      | Reached XP level 4. HP: 34/40 MP: 4/4
  1899 | D:3      | Noticed a black bear
  1940 | D:2      | HP: 2/40 [black bear (1)]
  1940 | D:2      | Slain by a black bear

Skill      XL: |  1  2  3  4 |
---------------+-------------+-----
Axes           | 3 |  3.6
Fighting       | 4 |  4.2
Dodging        | 1 |  1.2
Armour         | 4 |  4.0
Shields        | |  3.9

Action                   |  1- 3 |  4- 6 || total
-------------------------+-------+-------++-------
Melee: War axe           |   116 |    56 ||   172
  Use: Potion            |       |     1 ||     1
  Eat: Chunk             |     2 |     1 ||     3
Armor: Scale mail        |    55 |    23 ||    78
Dodge: Dodged            |    41 |    21 ||    62
Block: Shield            |    77 |    37 ||   114
